 Dungeon Crawl Stone Soup version 0.29.0-11-gd7f09526c8 (webtiles) character file.

Game seed: 11678260138650293291

62 Flugkiller the Trooper (level 3, -3/33 HPs)
             Began as a Minotaur Fighter on Sept 4, 2022.
             Killed by divine providence
             ... invoked by an orc priest
              (14 damage)
             ... on level 3 of the Dungeon.
             The game lasted 00:00:43 (1412 turns).

Flugkiller the Trooper (Minotaur Fighter)           Turns: 1412, Time: 00:00:44

Health: -3/33      AC: 13    Str: 20    XL:     3   Next: 85%
Magic:  2/2        EV:  5    Int:  5    God:
Gold:   103        SH:  4    Dex: 11    Spells: 2/2 levels left

rFire   . . .      SeeInvis .   a - +0 war axe
rCold   . . .      Faith    .   c - +0 buckler
rNeg    . . .      Spirit   .   f - +0 plate armour
rPois   .          Reflect  .   (helmet restricted)
rElec   .          Harm     .   n - +0 cloak
rCorr   .          Rampage  .   (no gloves)
Will    .....                   (no boots)
Stlth   ..........              (no amulet)
HPRegen 0.11/turn               (no ring)
MPRegen 0.08/turn               (no ring)

@: mighty
A: horns 2, retaliatory headbutt
a: no special abilities


You were on level 3 of the Dungeon.
You visited 1 branch of the dungeon, and saw 3 of its levels.

You collected 103 gold pieces.

Inventory:

Hand Weapons
 a - a +0 war axe (weapon)
Armour
 b - a +0 scale mail
 c - a +0 buckler (worn)
 f - a +0 plate armour (worn)
   (You found it on level 1 of the Dungeon)
 n - a +0 cloak (worn)
   (You found it on level 1 of the Dungeon)
Scrolls
 e - a scroll of identify {unknown}
 h - a scroll of immolation {unknown}
 i - a scroll of vulnerability {unknown}
 j - a scroll of brand weapon {unknown}
 p - a scroll of fog {unknown}
 r - 2 scrolls of fear {unknown}
 s - a scroll of teleportation {unknown}
Potions
 g - 2 potions of attraction {unknown}
 k - 2 potions of invisibility {unknown}
 l - 2 potions of curing {unknown}
 m - a potion of brilliance {unknown}
 o - a potion of flight {unknown}
 q - a potion of berserk rage {unknown}


   Skills:
 + Level 4.2 Fighting
 * Level 4.0 Axes
 + Level 4.2 Armour
 - Level 3.6 Shields


You had 2 spell levels left.
You didn't know any spells.
Your spell library was empty.

Dungeon Overview and Level Annotations

Branches:
Dungeon (3/15)

Altars:


Innate Abilities, Weirdness & Mutations

You have a pair of horns on your head.
You reflexively headbutt those who attack you in melee.


Message History

You climb downwards.
There is a stone staircase leading up here.
Unknown command.
Found a stone staircase leading down.
Found a stone staircase leading down.
A ball python comes into view.
The ball python hisses angrily.
The ball python bites you. The ball python grabs you.
The ball python constricts you.
The ball python bites you but does no damage.
The ball python constricts you.
You closely miss the ball python.
The ball python bites you but does no damage.
The ball python constricts you.
You hit the ball python.
You kill the ball python!
No target in view!
No target in view!
No target in view!
No target in view!
HP restored.
You see here a ball python corpse.
An orc comes into view. It is wielding a +0 short sword.
Found a stone staircase leading up.
The orc shouts!
You hear a shout!
You hear an angry hiss.
An orc is nearby!
An orc is nearby!
An orc is nearby!
An adder comes into view.
The adder hisses angrily.
An orc comes into view. It is wielding a +0 mace.
The orc shouts!
You hit the adder. Your headbutt misses the adder.
The adder is lightly wounded.
You hear a shout!
An adder comes into view.
The adder bites you. You block the adder's attack.
The orc hits you but does no damage.
You hear a shout!
You closely miss the adder. Your headbutt misses the adder.
The adder is lightly wounded.
You hit the orc. The adder bites you but does no damage.
The orc completely misses you. The adder bites you but does no damage.
You slash the orc!
You kill the orc!
You slash the adder! The adder bites you but does no damage.
You hit the adder.
You kill the adder!
You miss the adder. You slash the orc!
You kill the orc!
An orc comes into view. It is wielding a +0 whip.
The adder bites you but does no damage. x2
An orc priest comes into view. It is wielding a +0 hand axe.
You slash the adder!
You kill the adder!
Your Axes skill increases to level 4!
Things that are here:
a +0 mace; a +0 short sword An orc comes into view.
It is wielding a +0 club.
The orc priest looks satisfied for a moment.
The orc barely misses you.
You closely miss the orc. The orc hits you with a +0 whip.
There are monsters nearby!
You barely miss the orc. You headbutt the orc.
The orc is almost dead.
The orc hits you with a +0 whip. The orc barely misses you.
You furiously retaliate!
You headbutt the orc. You block the orc's attack.
You feel very mighty all of a sudden. The orc hits you but does no damage.
The orc priest calls down the wrath of Beogh upon you.
Beogh smites you! You block the orc's attack.
You hear a shout!
You slice the orc!!
You kill the orc!
You barely miss the orc.
You hear a shout!
The orc priest casts a cantrip, but nothing happens.
You slash the orc!
You kill the orc!
No target in view!
No target in view!
No target in view!
No target in view!
An orc wizard comes into view. It is wielding a +0 dagger.
The orc wizard shouts!
You hear a shout! x2
An orc comes into view. It is wielding a +3 hand axe.
The orc priest hits you but does no damage.
You slash the orc priest! Your headbutt misses the orc priest.
The orc priest is almost dead.
The orc priest miscasts a cantrip.
An orc wizard comes into view. It is wielding a +0 dagger.
An endoplasm comes into view.
The orc priest hits you with a +0 hand axe.
You are too injured to fight recklessly!
You are too injured to fight recklessly!
You barely miss the orc priest.
The orc priest is almost dead.
The orc priest calls down the wrath of Beogh upon you.
Beogh smites you!
You die...

##.## #.>....†.#
###.# ##...###.#
.<..# ##.## #.#
###.# ### #.# ...#
#.# .###..
#####.### .#
#.####..†....### .
.......†).o...####
........#@....J..
#.####.).o.......
# ##o#....#.##
...o.<#.# #
#.###..#.# ...
#..# # #.# #..# #.
...#


You could see an orc priest, 2 orc wizards, an orc and an endoplasm.

Vanquished Creatures
  2 adders (D:3)
  An ufetubus (D:2)
  A dart slug (D:1)
  4 orcs (D:3)
  3 bats
  5 endoplasms
  A quokka (D:2)
  8 ball pythons
  A frilled lizard (D:2)
  2 goblins
  3 kobolds
  4 rats
35 creatures vanquished.

Notes
Turn   | Place    | Note
-------+----------+-------------------------------------------
     0 | D:1      | Flugkiller the Minotaur Fighter began the quest for the
                  | Orb.
     0 | D:1      | Reached XP level 1. HP: 19/19 MP: 0/0
   263 | D:1      | Reached XP level 2. HP: 25/27 MP: 1/1
   568 | D:2      | Found a faded altar of an unknown god.
   873 | D:2      | Reached XP level 3. HP: 33/33 MP: 2/2
  1412 | D:3      | Killed from afar by an orc priest

Illustrated notes

Levels and vault maps discovered:
D:1:      heliophobic_arrival_dark_side_of_the_moon, layout_basic
D:2:      layout_basic, nicolae_ecumenical_pavilion
D:3:      layout_loops_ring, gammafunk_temple_overflow_pools,
          chequers_serial_rivers_small_a

Skill      XL: |  1  2  3 |
---------------+----------+-----
Axes           | 3 4 |  4.0
Fighting       | 4 |  4.2
Armour         | 4 |  4.2
Shields        | |  3.6

Action                   || total
-------------------------++-------
Melee: War axe           ||    68
       Headbutt          ||     6
  Use: Potion            ||     1
Armor: Plate armour      ||    50
       Scale mail        ||     2
Dodge: Dodged            ||    21
Block: Buckler           ||    12
